 Dungeon Crawl Stone Soup version 0.17-a0-2108-g65e8068 (webtiles) character file.

637 Eptagon the Sneak (level 7, 0/32 HPs)
             Began as a Vine Stalker Enchanter on Oct 19, 2015.
             Was an Initiate of Ashenzari.
             Slain by Duvessa (5 damage)
             ... on level 4 of the Dungeon.
             The game lasted 00:16:55 (3044 turns).

Eptagon the Sneak (Vine Stalker Enchanter)          Turns: 3044, Time: 00:16:55

Health: 0/32       AC:  3    Str: 10    XL:     7   Next: 50%
Magic:  0/14       EV: 12    Int: 16    God:    Ashenzari [......]
Gold:   272        SH:  0    Dex: 16    Spells: 4 memorised, 4 levels left

rFire  . . .     SeeInvis .     a - +2 dagger (venom) (curse)
rCold  . . .     Clarity  .     b - +1 robe
rNeg   . . .     SustAt   .     (no shield)
rPois  +         Gourm    .     (no helmet)
rElec  .         Spirit   +     (no cloak)
rCorr  .         Warding  .     (no gloves)
rMut   .         Stasis   .     (no boots)
MR     +....                    (no amulet)
Stlth  +++.......               i - ring of protection from magic
                                l - ring of poison resistance (curse)

@: very slightly contaminated, somewhat resistant to hostile enchantments,
fairly stealthy
A: fangs 2, regeneration 2, magic shield, antimagic bite, no device heal 3, rot
immunity
a: Renounce Religion


You were on level 4 of the Dungeon.
You worshipped Ashenzari.
Ashenzari was noncommittal.
You were not hungry.

You visited 1 branch of the dungeon, and saw 4 of its levels.
You also visited: Sewer.

You collected 272 gold pieces.

Inventory:

Hand Weapons
 a - a cursed +2 dagger of venom (weapon)
Armour
 b - a +1 robe (worn)
Jewellery
 i - a ring of protection from magic (right hand)
 l - a cursed ring of poison resistance (left hand)
 p - an uncursed ring of ice
Wands
 w - a wand of flame (26)
 y - a wand of disintegration (17)
Scrolls
 e - 4 scrolls of curse armour
 g - a scroll of recharging
 v - 3 scrolls of enchant weapon
 A - a scroll of teleportation
 C - a scroll of magic mapping {unknown}
 F - 2 scrolls of remove curse
Potions
 j - 2 potions of brilliance {unknown}
 k - a potion of might
 m - a potion of cure mutation
 n - a potion of flight
 o - 4 potions of curing
 s - 6 potions of heal wounds {unknown}
 t - a potion of agility {unknown}
 u - a potion of haste {unknown}
 B - a potion of lignification
Books
 c - a book of Maledictions

   Spells                             Type                      Level
   a - Corona                         Hexes                        1
   b - Ensorcelled Hibernation        Hexes/Ice                    2
   c - Confuse                        Hexes                        3
   d - Tukima's Dance                 Hexes                        3
   e - Dazzling Spray                 Conjuration/Hexes            3
 r - Jessica's Guide on Dislocation
   (You found it on level 2 of the Dungeon)

   Spells                             Type                      Level
   a - Blink                          Translocation                2
Comestibles
 d - 3 bread rations
 f - 2 meat rations
 h - 5 fruits
 q - a beef jerky
 x - 5 chunks of flesh
 z - a royal jelly
 D - a slice of pizza


   Skills:
 + Level 2.2 Short Blades
 - Level 1.5 Dodging
 + Level 6.1 Stealth
 + Level 4.1 Spellcasting
 * Level 6.0 Hexes


You had 4 spell levels left.
You knew the following spells:

 Your Spells              Type           Power        Failure   Level  Hunger
a - Ensorcelled Hibernat  Hex/Ice        ##....       10%         2    ##.....
c - Confuse               Hex            ###.....     4%          3    ###....
d - Tukima's Dance        Hex            ###.....     4%          3    ###....
s - Stoneskin             Trmt/Erth      #.......     24%         2    ##.....


Dungeon Overview and Level Annotations

Branches:
Dungeon (4/15)
 Temple: D:4-7

Altars:
Ashenzari
Makhleb
Qazlal

Annotations:
D:4 Duvessa


Innate Abilities, Weirdness & Mutations

You have extremely sharp teeth.
You heal very quickly.
When hurt, damage is shared between your health and your magic reserves.
Your bite disrupts and absorbs the magic of your enemies.
Potions and wands cannot restore your health.
You are immune to rotting.


Message History

Okay, then.
Casting: Tukima's Dance
Confirm with . or Enter, or press ? or * to list all spells.
You don't have enough magic to cast that spell.
Evoke which item? (* to show all) (? for menu, Esc to quit)
Zapping:
y - a wand of disintegration {recharged} (will waste charges)
Press: ? - help, Shift-Dir - straight line, f/p - Duvessa
Aim: Duvessa (heavily wounded, berserk, fast, unusually strong, poisoned, chance to defeat MR: 48%) Duvessa resists with some effort.
Evoking this partially-identified wand wasted a few charges.
Duvessa closely misses you. Duvessa barely misses you.
Evoke which item? (* to show all) (? for menu, Esc to quit)
Zapping:
y - a wand of disintegration {zapped: 3} (will waste charges)
Press: ? - help, Shift-Dir - straight line, f/p - Duvessa
Aim: Duvessa (severely wounded, berserk, fast, unusually strong, poisoned, chance to defeat MR: 48%) Duvessa is blasted.
Evoking this partially-identified wand wasted a few charges.
Duvessa hits you.
You die...

+..............
#.............
###########+#....##+
#......#....+....+ ..
#......#....#....# ..
+......'>...#....# ##.
##.###(##'### ...+
..#########'###e# (..
..... #.....#.@# ...'.
... +.....+..+ ...#...
#.# ##.#####.# #..# ..
####.#####.## #.# .##
. ..'.........+ ... .#
..##...##..## #..
..##...##..# #+#
..##....+..##. #..###.
..####+##..##.##..#...


You could see Duvessa (berserk) and a friendly short sword.

Vanquished Creatures
  3 big kobolds (Sewer)
  A scorpion (D:4)
  Dowan (D:4)
  2 hounds (D:4)
  An orc wizard (D:3)
  Jessica (D:2)
  An orc priest (D:3)
  7 adders
  A river rat (D:4)
  An ooze (Sewer)
  A worm (D:2)
  10 giant geckos
  8 orcs (D:3)
  9 goblins
  6 hobgoblins
  11 jackals
  3 quokkas
  3 ball pythons
  10 bats
  5 giant cockroaches
  4 giant newts
  18 kobolds
  6 rats
113 creatures vanquished.

Notes
Turn   | Place    | Note
--------------------------------------------------------------
     0 | D:1      | Eptagon the Vine Stalker Enchanter began the quest for the Orb.
     0 | D:1      | Reached XP level 1. HP: 9/9 MP: 4/4
    96 | D:1      | Reached XP level 2. HP: 5/13 MP: 3/6
   132 | D:1      | Learned a level 2 spell: Ensorcelled Hibernation
   545 | D:1      | Reached skill level 4 in Stealth
   558 | D:1      | Reached XP level 3. HP: 12/16 MP: 5/7
   576 | D:1      | Learned a level 3 spell: Confuse
  1052 | D:2      | Noticed Jessica
  1106 | D:2      | Identified Jessica's Guide on Dislocation
  1198 | D:2      | Found a shattered altar of Ashenzari.
  1373 | D:2      | Killed Jessica
  1373 | D:2      | Reached XP level 4. HP: 18/21 MP: 7/9
  1389 | D:2      | Became a worshipper of Ashenzari the Shackled
  1438 | D:2      | Noticed a fire elemental
  1440 | D:2      | Found a stormy altar of Qazlal.
  1443 | D:2      | Noticed a water elemental
  1443 | D:2      | Noticed an earth elemental
  1443 | D:2      | Noticed an air elemental
  1698 | D:3      | Reached XP level 5. HP: 24/24 MP: 3/10
  1796 | D:3      | Found a burning altar of Makhleb.
  1961 | D:3      | Reached skill level 5 in Stealth
  1978 | D:3      | Learned a level 3 spell: Tukima's Dance
  2152 | D:4      | Reached skill level 1 in Short Blades
  2178 | D:4      | Learned a level 2 spell: Stoneskin
  2238 | D:4      | Reached skill level 5 in Hexes
  2238 | D:4      | Gained mutation: You heal very quickly. [Vine Stalker growth]
  2238 | D:4      | Reached XP level 6. HP: 25/28 MP: 8/12
  2263 | D:4      | Noticed Dowan
  2271 | D:4      | Killed Dowan
  2310 | D:4      | Noticed Duvessa
  2559 | D:4      | Found a glowing drain.
  2566 | Sewer    | Entered a sewer
  2657 | Sewer    | Reached XP level 7. HP: 28/32 MP: 10/13
  2796 | Sewer    | Reached skill level 6 in Stealth
  3044 | D:4      | Slain by Duvessa

Vault maps used:
D:1:      ncdulo_wetmaze, roderic_roman_lattice, grunt_decor_resistance
D:2:      nicolae_qazlal_style_of_elements, ashenzari_conservatory_becter,
          minmay_misc_feat_iff, kennysheep_jessica_study
D:3:      bloody_makhleb, first_bread
D:4:      nicolae_overflow_hidden_temple, nemelex_deck, lemuel_round_altar,
          minmay_temple_entry_junction, gup_sewer_entry_bubbles,
          okawaru_ov_weapons_minmay, uniq_duvessa
Sewer:    kennysheep_pipe_town

Action                   |  1- 3 |  4- 6 |  7- 9 || total
-------------------------+-------+-------+-------++-------
Melee: Dagger            |   132 |   149 |    51 ||   332
 Cast: Ensorcelled Hiber |     5 |     4 |     1 ||    10
       Confuse           |     2 |     5 |       ||     7
       Tukima's Dance    |       |       |     1 ||     1
       Stoneskin         |       |       |     1 ||     1
Evoke: Wand              |       |       |     2 ||     2
  Use: Scroll            |     3 |    10 |     2 ||    15
 Stab: Sleeping          |     9 |    16 |     2 ||    27
       Confused          |       |     3 |       ||     3
  Eat: Chunk             |       |     7 |     2 ||     9
